 Dungeon Crawl Stone Soup version 0.20.1-1-g8b1a95d (console) character file.

742 bli the Shield-Bearer (level 7, 0/44 HPs)
             Began as a Gargoyle Fighter on Aug 15, 2017.
             Was a Follower of Qazlal.
             Killed from afar by an orc wizard (8 damage)
             ... with a puff of flame
             ... on level 4 of the Dungeon.
             The game lasted 00:13:11 (4053 turns).

bli the Shield-Bearer (Gargoyle Fighter)            Turns: 4053, Time: 00:13:11

Health: 0/44       AC: 10    Str: 20    XL:     7   Next: 76%
Magic:  7/7        EV: 10    Int:  8    God:    Qazlal [*.....]
Gold:   168        SH: 12    Dex: 11    Spells: 6/6 levels left

rFire    . . .     SeeInvis .   a - +2 mace (holy)
rCold    . . .     Gourm    .   F - +0 shield
rNeg     + . .     Faith    .   p - +1 leather armour {rPois}
rPois    ∞         Spirit   .   n - +0 helmet
rElec    +         Reflect  .   (no cloak)
rCorr    .         Harm     .   (no gloves)
MR       .....                  (no boots)
Stlth    +.........             (no amulet)
Regen    0.2/turn               v - ring of flight
MPRegen  0.1/turn               z - +2 ring of slaying

@: no status effects
A: negative energy resistance 1, electricity resistance, unbreathing,
petrification resistance, rot immunity, AC +4
a: Renounce Religion, Evoke Flight


You were on level 4 of the Dungeon.
You worshipped Qazlal.
Qazlal was aware of your devotion.
You were hungry.

You visited 1 branch of the dungeon, and saw 5 of its levels.

You collected 168 gold pieces.

Inventory:

Hand Weapons
 a - a +2 mace of holy wrath (weapon)
 b - a +0 flail
 c - a +0 whip
 w - a +1 short sword of draining
 y - a +2 dagger of venom
 B - the +2 hand crossbow "Zolokeg" {penet, rN+, unknown}
   (You found it on level 4 of the Dungeon)

   Ammo fired by it will pass through the targets it hits, potentially hitting
   all targets in its path until it reaches maximum range.
   It protects you from negative energy.
Missiles
 s - 30 stones
 t - 2 javelins (quivered)
Armour
 e - a +0 ring mail
 j - a +0 scale mail
 n - a +0 helmet (worn)
 p - a +1 leather armour of poison resistance (worn)
 F - a +0 shield (worn)
Jewellery
 v - a ring of flight (left hand)
 z - a +2 ring of slaying (right hand)
Scrolls
 d - a scroll of fog {unknown}
 g - 5 scrolls of remove curse {unknown}
 h - 3 scrolls of identify {unknown}
 m - a scroll of enchant weapon {unknown}
 o - a scroll of magic mapping {unknown}
 r - 3 scrolls of fear {unknown}
 A - a scroll of teleportation {unknown}
 G - a scroll of enchant armour {unknown}
Potions
 i - 2 potions of flight
 k - 3 potions of curing {unknown}
 q - a potion of heal wounds
 x - a potion of might
 C - a potion of haste {unknown}
 E - a potion of agility {unknown}
Comestibles
 f - 3 bread rations
 l - 3 meat rations
 u - a royal jelly
 D - 3 fruits


   Skills:
 * Level 5.2 Fighting
 + Level 4.9 Maces & Flails
 + Level 4.3 Armour
 + Level 1.2 Dodging
 - Level 0.2 Stealth
 * Level 6.2 Shields


You had 6 spell levels left.
You didn't know any spells.

Dungeon Overview and Level Annotations

Branches:
Dungeon (5/15)
 Temple: D:4-7

Altars:
Fedhas
Kikubaaqudgha
Nemelex Xobeh
Qazlal
Sif Muna
The Shining One

Annotations:
D:5 Duvessa


Innate Abilities, Weirdness & Mutations

You are resistant to torment.
Your stone body is resilient. (AC +4)
You are immune to poison.
You resist negative energy. (rN+)
You are resistant to electric shocks. (rElec)
You can survive without breathing.
You are immune to petrification.
You are immune to rotting.


Message History

The orc priest barely misses you. You block the orc's attack.
You thump the orc priest!
The orc priest is severely wounded.
You block the orc warrior's attack. The orc misses you.
The orc priest hits you but does no damage.
The orc hits you but does no damage. You block the orc warrior's attack.
You closely miss the orc priest.
The orc priest is severely wounded.
You block the orc's attack.
The orc priest hits you but does no damage.
The orc hits you.
The orc warrior hits you from afar with a trident!
* * * LOW HITPOINT WARNING * * *
You sock the orc priest!
You kill the orc priest!
Qazlal accepts your kill. The orc completely misses you.
You block the orc's attack.
The orc wizard points at you and mumbles some strange words.
The puff of flame hits you!
You die...

#...##.......####......
.#####...##.......#
#.#.###
.[.......##.#######
#.#.# #...............#
#.#.#
#...###.######.....
#.#.# #. ##.##.## ####
#.#.# #.###..#
#.#..(### ##.##o..# ##
#.#.$o)o## ..
###8.8#@§#.####
#..oo.o.......
#..###..#.#### #. #.
##.# # # ##


You could see an orc warrior, an orc wizard and 4 orcs.

Vanquished Creatures
  Sigmund (D:2)
  An ogre (D:4)
  Blork the orc (D:4)
  A scorpion (D:5)
  A howler monkey (D:4)
  An orc priest (D:4)
  A hound (D:4)
  A bullfrog skeleton (D:5)
  Jessica (D:2)
  An iguana (D:4)
  2 worker ants (D:4)
  A howler monkey zombie (D:3)
  5 adders
  2 oozes
  6 worms
  3 dart slugs (D:1)
  A leopard gecko (D:1)
  2 orcs (D:3)
  11 bats
  A giant cockroach (D:2)
  7 goblins
  8 hobgoblins
  8 jackals
  A quokka (D:3)
  4 frilled lizards
  6 kobolds
  8 rats
86 creatures vanquished.

Notes
Turn   | Place    | Note
-------+----------+-------------------------------------------
     0 | D:1      | bli the Gargoyle Fighter began the quest for the Orb.
     0 | D:1      | Reached XP level 1. HP: 14/14 MP: 1/1
   286 | D:3      | Reached XP level 2. HP: 19/19 MP: 2/2
   289 | D:4      | Noticed a howler monkey
   301 | D:4      | Killed a howler monkey
   301 | D:4      | Reached skill level 4 in Shields
   301 | D:4      | Reached XP level 3. HP: 6/24 MP: 3/3
   557 | D:5      | Entered Level 5 of the Dungeon
   575 | D:5      | Reached XP level 4. HP: 20/29 MP: 4/4
   592 | D:5      | Reached XP level 5. HP: 17/34 MP: 5/5
   669 | D:5      | Noticed Duvessa
  1047 | D:2      | Found a blossoming altar of Fedhas.
  1588 | D:1      | Reached XP level 6. HP: 37/39 MP: 6/6
  2489 | D:2      | Noticed Sigmund
  2505 | D:2      | Killed Sigmund
  2505 | D:2      | Reached skill level 5 in Shields
  2771 | D:2      | Noticed Jessica
  2772 | D:2      | Killed Jessica
  2777 | D:2      | Reached XP level 7. HP: 44/44 MP: 7/7
  2943 | D:2      | Found a deep blue altar of Sif Muna.
  2943 | D:2      | Found a faded altar of an unknown god.
  2950 | D:2      | Found an ancient bone altar of Kikubaaqudgha.
  2956 | D:2      | Found a faded altar of an unknown god.
  2957 | D:2      | Found a glowing golden altar of the Shining One.
  2983 | D:2      | Became a worshipper of Qazlal Stormbringer
  2983 | D:2      | Reached * piety under Qazlal
  3463 | D:3      | Found a sparkling altar of Nemelex Xobeh.
  3570 | D:4      | Noticed Blork the orc
  3585 | D:4      | Killed Blork the orc
  3585 | D:4      | Reached skill level 1 in Dodging
  3595 | D:4      | Reached skill level 5 in Fighting
  3595 | D:4      | Reached skill level 6 in Shields
  3847 | D:4      | Got a shimmering hand crossbow
  4053 | D:4      | Killed from afar by an orc wizard

Skill      XL: |  1  2  3  4  5  6  7 |
---------------+----------------------+-----
Shields        | 4 5 6 |  6.2
Fighting       | 4 5 |  5.2
Maces & Flails | 3 4 |  4.9
Armour         | 4 |  4.3
Dodging        | 1 |  1.2
Stealth        | |  0.2

Action                   |  1- 3 |  4- 6 |  7- 9 || total
-------------------------+-------+-------+-------++-------
Melee: Flail             |    44 |   202 |    79 ||   325
       Mace              |       |       |    22 ||    22
Throw: Javelin           |       |     2 |     2 ||     4
  Use: Potion            |       |     3 |       ||     3
  Eat: Chunk             |       |     6 |     4 ||    10
Armor: Ring mail         |    15 |     5 |       ||    20
       Scale mail        |     1 |       |       ||     1
       Leather armour    |       |    65 |    37 ||   102
Dodge: Dodged            |    12 |    69 |    35 ||   116
Block: Shield            |    25 |   116 |    68 ||   209
